 Dungeon Crawl Stone Soup version 0.27.1 (webtiles) character file.

Game seed: 11625362847048587986

2608 Rickety the Blocker (level 9, -4/74 HPs)
             Began as a Gnoll Fighter on Aug 27, 2021.
             Was a Believer of Cheibriados.
             Engulfed by a steam dragon's steam (9 damage)
             ... on level 7 of the Dungeon.
             The game lasted 00:17:27 (8565 turns).

Rickety the Blocker (Gnoll Fighter)                 Turns: 8565, Time: 00:17:28

Health: -4/74      AC:  5    Str: 23    XL:     9   Next: 59%
Magic:  15/15      EV: 12    Int: 12    God:    Cheibriados [**....]
Gold:   308        SH: 11    Dex: 15    Spells: 16/16 levels left

rFire    . . .     SeeInvis .   a - +0 flail
rCold    . . .     Faith    .   c - +0 kite shield
rNeg     . . .     Spirit   .   v - +0 troll leather armour
rPois    .         Reflect  .   (no helmet)
rElec    .         Harm     .   (no cloak)
rCorr    .         Rampage  .   (no gloves)
Will     .....                  (no boots)
Stlth    +++.......             (no amulet)
HPRegen  1.22/turn              (no ring)
MPRegen  0.14/turn              (no ring)

@: very slow
A: fangs 1, strong nose, distributed training
a: Renounce Religion, Bend Time


You were on level 7 of the Dungeon.
You worshipped Cheibriados.
Cheibriados was pleased with you.
You visited 2 branches of the dungeon, and saw 8 of its levels.

You collected 308 gold pieces.

Inventory:

Hand Weapons
 a - a +0 flail (weapon)
 b - a +0 hunting sling
 r - a +1 vampiric dagger
Missiles
 i - 207 stones (quivered)
 j - 66 sling bullets
 u - 2 boomerangs
 C - 7 curare-tipped darts
Armour
 c - a +0 kite shield (worn)
 e - a +0 chain mail
 v - a +0 troll leather armour (worn)
 z - a +2 leather armour of cold resistance
Jewellery
 k - a ring of fire
Wands
 o - a wand of flame (20)
 x - a wand of paralysis (11)
 y - a wand of iceblast (10)
 B - a wand of charming (7)
Scrolls
 f - a scroll of immolation {unknown}
 g - 6 scrolls of identify {unknown}
 h - 5 scrolls of teleportation {unknown}
 l - 2 scrolls of blinking {unknown}
 n - 3 scrolls of fear {unknown}
 q - a scroll of vulnerability {unknown}
 s - a scroll of magic mapping {unknown}
 w - a scroll of amnesia {unknown}
 A - a scroll of noise {unknown}
Potions
 d - 2 potions of might
 m - a potion of lignification {unknown}
 p - a potion of berserk rage {unknown}
 t - a potion of cancellation
 D - a potion of flight {unknown}


   Skills:
 + Level 8.0 Fighting
 + Level 4.4 Short Blades
 + Level 4.4 Long Blades
 + Level 4.4 Axes
 + Level 6.4 Maces & Flails
 + Level 4.4 Polearms
 + Level 4.4 Staves
 + Level 4.4 Slings
 + Level 4.4 Bows
 + Level 4.4 Crossbows
 + Level 4.4 Throwing
 + Level 8.0 Armour
 + Level 4.4 Dodging
 + Level 4.4 Stealth
 + Level 8.0 Shields
 + Level 4.4 Unarmed Combat
 + Level 4.4 Spellcasting
 + Level 3.6 Conjurations
 + Level 3.6 Hexes
 + Level 3.6 Summonings
 + Level 3.6 Necromancy
 + Level 3.6 Translocations
 + Level 3.6 Transmutations
 + Level 3.6 Fire Magic
 + Level 3.6 Ice Magic
 + Level 3.6 Air Magic
 + Level 3.6 Earth Magic
 + Level 3.6 Poison Magic
 + Level 4.8 Invocations
 + Level 4.4 Evocations


You had 16 spell levels left.
You didn't know any spells.
Your spell library contained the following spells:

 Spells                   Type           Power      Damage    Failure   Level
 Foxfire                  Conj/Fire      44%        2x1d6     14%         1
 Call Canine Familiar     Summ           11%        N/A       38%         3
 Conjure Flame            Conj/Fire      11%        6-21      38%         3
 Inner Flame              Hex/Fire       11%        N/A       38%         3
 Ozocubu's Armour         Ice            11%        N/A       38%         3
 Portal Projectile        Hex/Tloc       22%        N/A       38%         3
 Leda's Liquefaction      Hex/Erth       5%         N/A       80%         4
 Conjure Ball Lightning   Conj/Air       5%         3x3d6     100%        6
 Ozocubu's Refrigeration  Ice            5%         4d6       100%        7
 Discord                  Hex            5%         N/A       100%        8
 Disjunction              Tloc           5%         N/A       100%        8


Dungeon Overview and Level Annotations

Branches:
Dungeon (7/15)             Temple (1/1) D:5

Altars:
Ashenzari
Cheibriados
Dithmenos
Elyvilon
Gozag
Hepliaklqana
Makhleb
Nemelex Xobeh
Okawaru
Qazlal
Ru
Trog
Uskayaw
Wu Jian
Xom
Yredelemnul
Zin
The Shining One


Innate Abilities, Weirdness & Mutations

You have very sharp teeth.
Your uncanny sense of smell can sniff out nearby items.
Your experience applies equally to all skills.


Message History

You barely miss the steam dragon.
You bite the steam dragon, but do no damage.
The steam dragon is lightly wounded.
You are engulfed in a cloud of scalding steam.
You block the steam dragon's attack. x2
You hit the steam dragon. Your bite misses the steam dragon.
The steam dragon is lightly wounded.
The steam dragon bites you. The steam dragon barely misses you.
You barely miss the steam dragon.
The steam dragon is lightly wounded.
The steam dragon breathes steam at you. The ball of steam hits you.
The steam dragon bites you! You block the steam dragon's attack.
You sock the steam dragon!
The steam dragon is heavily wounded.
You are engulfed in a cloud of scalding steam.
The steam dragon misses you.
The steam dragon claws you but does no damage.
Unknown command.
Your shield prevents you from hitting the steam dragon.
The steam dragon is heavily wounded.
You block the steam dragon's attack. x2
You sock the steam dragon!
The steam dragon is severely wounded.
You block the steam dragon's attack. The steam dragon claws you.
You closely miss the steam dragon.
The steam dragon is severely wounded.
You are engulfed in a cloud of scalding steam.
The steam dragon breathes steam at you. The ball of steam hits you!
You hit the steam dragon. Your bite misses the steam dragon.
The steam dragon is almost dead.
The steam dragon barely misses you. The steam dragon claws you.
The steam dragon breathes steam at you. The ball of steam hits you!!
* * * LOW HITPOINT WARNING * * *
You closely miss the steam dragon. Your bite misses the steam dragon.
The steam dragon is almost dead.
You are engulfed in a cloud of scalding steam.
You die...

∆ ############
#####...........
...#.##########
.##.#######.#.....####..
......D@§.§§'.....'.....
....#..#.#.#......####.#
# #..#.#.#.#######....
#..#.#.#.# #.###
#..#.###'## ##+##.
#..#..#...# #...#.
#..#....8.## ##.8...
#..#.##....# #....#.
#.###...###...###


You could see a steam dragon (catching breath).

Vanquished Creatures
  A troll (D:5)
  Sigmund (D:4)
  Menkaure (D:7)
  An ice beast (D:5)
  2 sky beasts
  2 necrophages (D:4)
  2 centaurs (D:7)
  6 bullfrogs
  2 scorpions
  A water moccasin zombie (D:7)
  2 wyvern skeletons
  2 howler monkeys
  A bullfrog zombie (D:5)
  7 hounds
  6 orc priests
  A bullfrog skeleton (D:5)
  An iguana (D:4)
  5 orc wizards
  A scorpion zombie (D:5)
  A howler monkey zombie (D:6)
  A howler monkey skeleton (D:6)
  3 adders
  A shadow imp (D:7)
  2 white imps
  An adder zombie (D:3)
  A dart slug (D:3)
  16 orcs
  4 endoplasms
  5 giant cockroaches
  4 hobgoblins
  4 jackals
  5 kobolds
  4 quokkas
  A ball python (D:1)
  4 bats
  2 frilled lizards
  5 goblins
  7 rats
116 creatures vanquished.

Vanquished Creatures (others)
  An orc wizard (D:6)
  An orc (D:5)
  3 plants (D:5)
5 creatures vanquished.

Grand Total: 121 creatures vanquished

Notes
Turn   | Place    | Note
-------+----------+-------------------------------------------
     0 | D:1      | Rickety the Gnoll Fighter began the quest for the Orb.
     0 | D:1      | Reached XP level 1. HP: 23/23 MP: 1/1
   330 | D:1      | Found a faded altar of an unknown god.
   528 | D:1      | Reached XP level 2. HP: 28/29 MP: 2/2
  1711 | D:2      | Reached XP level 3. HP: 35/35 MP: 3/3
  1771 | D:2      | Reached skill level 1 in Invocations
  1837 | D:2      | Reached skill level 1 in Short Blades
  1837 | D:2      | Reached skill level 1 in Long Blades
  1837 | D:2      | Reached skill level 1 in Axes
  1837 | D:2      | Reached skill level 1 in Polearms
  1837 | D:2      | Reached skill level 1 in Staves
  1837 | D:2      | Reached skill level 1 in Slings
  1837 | D:2      | Reached skill level 1 in Bows
  1837 | D:2      | Reached skill level 1 in Crossbows
  1837 | D:2      | Reached skill level 1 in Throwing
  1837 | D:2      | Reached skill level 1 in Dodging
  1837 | D:2      | Reached skill level 1 in Stealth
  1837 | D:2      | Reached skill level 1 in Unarmed Combat
  1837 | D:2      | Reached skill level 1 in Spellcasting
  1837 | D:2      | Reached skill level 1 in Evocations
  1837 | D:2      | Reached XP level 4. HP: 35/41 MP: 5/5
  2585 | D:3      | Reached skill level 1 in Conjurations
  2585 | D:3      | Reached skill level 1 in Hexes
  2585 | D:3      | Reached skill level 1 in Summonings
  2585 | D:3      | Reached skill level 1 in Necromancy
  2585 | D:3      | Reached skill level 1 in Translocations
  2585 | D:3      | Reached skill level 1 in Transmutations
  2585 | D:3      | Reached skill level 1 in Fire Magic
  2585 | D:3      | Reached skill level 1 in Ice Magic
  2585 | D:3      | Reached skill level 1 in Air Magic
  2585 | D:3      | Reached skill level 1 in Earth Magic
  2585 | D:3      | Reached skill level 1 in Poison Magic
  2593 | D:3      | Reached XP level 5. HP: 43/47 MP: 6/6
  3461 | D:4      | Found a shadowy altar of Dithmenos.
  3461 | D:4      | Found a snail-covered altar of Cheibriados.
  3553 | D:4      | Noticed Sigmund
  3587 | D:4      | Killed Sigmund
  3588 | D:4      | Reached skill level 5 in Maces & Flails
  3588 | D:4      | Reached XP level 6. HP: 10/53 MP: 7/9
  3906 | D:4      | Noticed a necrophage
  3933 | D:4      | Killed a necrophage
  3934 | D:4      | Reached XP level 7. HP: 21/60 MP: 10/10
  4824 | D:5      | Entered Level 5 of the Dungeon
  4902 | D:4      | Became a worshipper of Cheibriados the Contemplative
  5396 | D:5      | Found a bloodstained altar of Trog.
  5545 | D:5      | Reached XP level 8. HP: 11/67 MP: 12/12
  5951 | D:5      | Found a staircase to the Ecumenical Temple.
  5958 | D:5      | Reached * piety under Cheibriados
  5975 | Temple   | Entered the Ecumenical Temple
  6277 | D:5      | Noticed a troll
  6294 | D:5      | Killed a troll
  6308 | D:5      | Found a burning altar of Makhleb.
  6308 | D:5      | Noticed an Executioner
  6986 | D:6      | Found a sparkling altar of Nemelex Xobeh.
  6988 | D:6      | Found a white marble altar of Elyvilon.
  7222 | D:6      | Reached XP level 9. HP: 57/72 MP: 14/14
  7594 | D:6      | Found a hazy altar of Hepliaklqana.
  7932 | D:7      | Noticed Menkaure
  7935 | D:7      | Killed Menkaure
  8297 | D:7      | Reached ** piety under Cheibriados
  8565 | D:7      | Engulfed by a steam dragon's steam

Illustrated notes

Levels and vault maps discovered:
D:1:      dpeg_arrival_circle_labyrinth_c, layout_basic,
          ebering_ecumenical_altar_rust, serial_bayou_pond_c
D:2:      layout_basic
D:3:      layout_loops_corners, minmay_door_square
D:4:      layout_loops_corners, mainiacjoe_overflow_divided_tiny, uniq_sigmund
D:5:      layout_cave_pools, makhleb_altar_promises_db, kennysheep_little_box,
          minmay_temple_entry_proselytizer, serial_column_ruins,
          column_ruins_columns_straight, column_ruins_open_small,
          column_ruins_columns_dead_end, column_ruins_open_tiny,
          column_ruins_open_large, amcnicky_mini_pool_small,
          hangedman_abyss_or_decor_lesser_grid, chequers_serial_rivers_small_a,
          serial_bayou_crossing
D:6:      layout_basic, nzn_hepliaklqana_mist_gate,
          chequers_temple_overflow_statue_of_worship
D:7:      layout_basic, mainiacjoe_overflow_alcove_4, kennysheep_nub,
          grunt_ministairs_13, chequers_serial_rivers_micro_b, uniq_menkaure
Temple:   minmay_temple_curvy_loop

Skill      XL: |  1  2  3  4  5  6  7  8  9 |
---------------+----------------------------+-----
Invocations    | 1 2 3 4 |  4.8
Short Blades   | 1 2 3 4 |  4.4
Long Blades    | 1 2 3 4 |  4.4
Axes           | 1 2 3 4 |  4.4
Polearms       | 1 2 3 4 |  4.4
Staves         | 1 2 3 4 |  4.4
Slings         | 1 2 3 4 |  4.4
Bows           | 1 2 3 4 |  4.4
Crossbows      | 1 2 3 4 |  4.4
Throwing       | 1 2 3 4 |  4.4
Dodging        | 1 2 3 4 |  4.4
Stealth        | 1 2 3 4 |  4.4
Unarmed Combat | 1 2 3 4 |  4.4
Spellcasting   | 1 2 3 4 |  4.4
Evocations     | 1 2 3 4 |  4.4
Conjurations   | 1 2 3 |  3.6
Hexes          | 1 2 3 |  3.6
Summonings     | 1 2 3 |  3.6
Necromancy     | 1 2 3 |  3.6
Translocations | 1 2 3 |  3.6
Transmutations | 1 2 3 |  3.6
Fire Magic     | 1 2 3 |  3.6
Ice Magic      | 1 2 3 |  3.6
Air Magic      | 1 2 3 |  3.6
Earth Magic    | 1 2 3 |  3.6
Poison Magic   | 1 2 3 |  3.6
Maces & Flails | 5 6 |  6.4
Fighting       | 7 8 |  8.0
Armour         | 7 8 |  8.0
Shields        | 7 8 |  8.0

Action                   |  1- 3 |  4- 6 |  7- 9 || total
-------------------------+-------+-------+-------++-------
Melee: Flail             |    80 |   113 |   341 ||   534
       Bite              |     5 |     8 |    37 ||    50
 Fire: Hunting sling     |       |     3 |    27 ||    30
Throw: Stone             |       |     7 |       ||     7
Invok: Bend Time         |       |       |     2 ||     2
Evoke: Wand              |       |       |     3 ||     3
  Use: Potion            |       |     2 |     4 ||     6
 Stab: Sleeping          |       |       |     2 ||     2
Armor: Chain mail        |    41 |    65 |    66 ||   172
       Troll leather arm |       |       |    84 ||    84
Dodge: Dodged            |    13 |    24 |   120 ||   157
Block: Kite shield       |    57 |    67 |   205 ||   329
